 Dungeon Crawl Stone Soup version 0.31.0-10-gcf4a605ca0 (webtiles) character file.

Game seed: 4951699352838013831

2312 Rassilon the Cleaver (level 9, -2/80 HPs)
             Began as a Minotaur Fighter on Jan 26, 2024.
             Slain by an orc warrior
             ... wielding a +0 scimitar
              (5 damage)
             ... on level 6 of the Dungeon.
             The game lasted 00:16:13 (4329 turns).

Rassilon the Cleaver (Minotaur Fighter)             Turns: 4329, Time: 00:16:15

Health: -2/80      AC:  4    Str: 22      XL:     9   Next: 18%
Magic:  8/8        EV:  8    Int:  7      God:
Gold:   439        SH:  5    Dex: 10 (11) Spells: 8/8 levels left

rFire   . . .        g - +1 hand axe (venom)
rCold   . . .        c - +0 buckler
rNeg    . . .        s - +0 chain mail
rPois   .            (helmet restricted)
rElec   .            x - +0 cloak
rCorr   .            (no gloves)
SInv    .            (no boots)
Will    +....        (no amulet) Stlth
                     j - ring of willpower
HPRegen 0.33/turn    (no ring)
MPRegen 0.11/turn

%: no passive effects
@: corroded, studying Throwing, invisible
A: horns 2, retaliatory headbutt
a: no special abilities


You were on level 6 of the Dungeon.
You visited 1 branch of the dungeon, and saw 7 of its levels.

You collected 483 gold pieces.
You spent 44 gold pieces at shops.

Inventory:

Hand Weapons
 a - a +0 war axe
 g - a +1 hand axe of venom (weapon)
Missiles
 d - 2 throwing nets (quivered)
Armour
 c - a +0 buckler (worn)
 s - a +0 chain mail (worn)
 x - a +0 cloak (worn)
Jewellery
 h - a ring of magical power
 j - a ring of willpower (left hand)
 k - a ring of ice
 n - a ring of magical power
Talismans
 u - a flux talisman
Wands
 y - a wand of flame (38)
 z - a wand of acid (7)
Scrolls
 b - a scroll of revelation {unknown}
 e - a scroll of poison {unknown}
 f - a scroll of butterflies {unknown}
 l - a scroll of fog {unknown}
 q - a scroll of identify {unknown}
 r - 2 scrolls of enchant armour {unknown}
 t - a scroll of silence {unknown}
 w - a scroll of teleportation {unknown}
 A - a scroll of noise {unknown}
Potions
 i - a potion of degeneration
 m - a potion of resistance
 v - a potion of haste {unknown}


   Skills:
 + Level 7.7 Fighting
 * Level 9.2 Axes
 + Level 7.7 Armour
 + Level 7.6 Shields


You had 8 spell levels left.
You didn't know any spells.
Your spell library contained the following spells:

 Spells                   Type           Power      Damage    Failure   Level
 Necrotise                Necr           0%         1d4       96%         1
 Inner Flame              Hex/Fire       0%         N/A       100%        3
 Tukima's Dance           Hex            0%         N/A       100%        3
 Vampiric Draining        Necr           0%         2d6       100%        3
 Martyr's Knell           Necr/Summ      0%         N/A       100%        4
 Passage of Golubria      Tloc           0%         N/A       100%        4
 Curse of Agony           Necr           0%         N/A       100%        5
 Irradiate                Conj/Alch      0%         3d11      100%        5
 Yara's Violent Unravell  Hex/Alch       0%         3d3       100%        5
 Ignition                 Fire           0%         3d3       100%        8


Dungeon Overview and Level Annotations

Branches:
Dungeon (7/15)
 Temple: D:4-7

Altars:
Fedhas
Gozag

Shops:
D:3 *


Innate Abilities, Weirdness & Mutations

You have a pair of horns on your head.
You reflexively headbutt those who attack you in melee.


Message History

The orc warrior unwields a +0 arbalest.
The orc warrior wields a +0 scimitar.
You block the orc warrior's attack.
You hit the orc warrior. Your headbutt misses the orc warrior.
The orc warrior is lightly wounded.
You closely miss the orc warrior. You block the orc warrior's attack. x2
Unknown command.
You hit the orc warrior but do no damage.
The orc warrior is poisoned.
The orc warrior is lightly wounded.
You closely miss the rust devil. You hit the orc warrior.
The rust devil hits you. The rust devil corrodes you!
The orc warrior hits you with a +0 scimitar!
* * * LOW HITPOINT WARNING * * *
The orc warrior hits you with a +0 scimitar!
* * * LOW HITPOINT WARNING * * *
You see here a +6 halberd of distortion.
Unknown command.
It was a potion of invisibility.
You fade into invisibility!
The orc warrior closely misses you. The orc warrior barely misses you.
You hit the orc warrior but do no damage.
The orc warrior is lightly wounded.
You hit the orc warrior but do no damage.
The orc warrior looks as sick as possible!
The orc warrior hits you with a +0 scimitar!
* * * LOW HITPOINT WARNING * * *
The orc warrior misses you. You furiously retaliate!
You headbutt the orc warrior!
You kill the orc warrior!
It was a potion of curing.
You feel better.
The orc warrior hits you with a +0 scimitar!
* * * LOW HITPOINT WARNING * * *
The rust devil hits you. The rust devil corrodes you!
You hit the orc warrior but do no damage.
The orc warrior looks even sicker.
You headbutt the orc warrior, but do no damage.
The orc warrior is moderately wounded.
You hit the rust devil but do no damage.
The orc warrior hits you with a +0 scimitar.
You die...

. .. ... ### #
.... #@#'#)#
..... ##4o...##
......##.......#
#..#>...8...∩#
##.##.......## #
##.....##
#)#+#)# ### ##


You could see a rust devil (unable to see you) and an orc warrior (unable to see
you, very poisoned).

Vanquished Creatures
  A two-headed ogre (D:7)
  The ghost of turdburglar the Insei, a novice GnSh (D:4)
  Grinder (D:4)
  A sky beast (D:5)
  An orc warrior (D:6)
  A phantom (D:4)
  A bullfrog (D:7)
  3 scorpions
  4 hounds
  A bombardier beetle (D:4)
  Crazy Yiuf (D:4)
  2 sleepcaps
  4 iguanas
  Robin (D:2)
  22 gnolls
  6 adders
  A ribbon worm (D:3)
  2 dart slugs
  4 orcs
  6 endoplasms
  12 giant cockroaches
  37 goblins
  27 hobgoblins
  2 jackals (D:3)
  7 kobolds
  A quokka (D:3)
  12 ball pythons
  3 bats
  7 frilled lizards
  7 rats
179 creatures vanquished.

Notes
Turn   | Place    | Note
-------+----------+-------------------------------------------
     0 | D:1      | Rassilon the Minotaur Fighter began the quest for the Orb.
     0 | D:1      | Reached XP level 1. HP: 19/19 MP: 0/0
   111 | D:1      | Reached XP level 2. HP: 27/27 MP: 1/1
   555 | D:1      | Reached skill level 3 in Axes
   562 | D:1      | Reached XP level 3. HP: 30/33 MP: 2/2
   663 | D:2      | Found a blossoming altar of Fedhas.
  1090 | D:2      | Reached XP level 4. HP: 40/41 MP: 3/3
  1129 | D:2      | Noticed Robin
  1148 | D:2      | Killed Robin
  1601 | D:3      | Found Ikuurore's General Store.
  1617 | D:3      | Reached XP level 5. HP: 47/47 MP: 4/4
  1700 | D:3      | Bought a scroll of vulnerability for 44 gold pieces
  2050 | D:4      | Reached skill level 5 in Fighting
  2050 | D:4      | Reached skill level 4 in Axes
  2050 | D:4      | Reached skill level 5 in Armour
  2050 | D:4      | Reached skill level 5 in Shields
  2060 | D:4      | Noticed a phantom
  2073 | D:4      | Killed a phantom
  2074 | D:4      | Reached XP level 6. HP: 43/56 MP: 5/5
  2286 | D:4      | Found a transporter.
  2287 | D:4      | Found a transporter.
  2370 | D:4      | Reached skill level 5 in Axes
  2553 | D:4      | Noticed Grinder
  2569 | D:4      | Killed Grinder
  2570 | D:4      | Reached skill level 6 in Axes
  2570 | D:4      | Reached XP level 7. HP: 57/62 MP: 6/6
  2645 | D:4      | Found a runed translucent door.
  2646 | D:4      | Noticed Crazy Yiuf
  3050 | D:4      | Killed Crazy Yiuf
  3240 | D:4      | Noticed turdburglar's ghost (novice GnSh)
  3298 | D:4      | Killed turdburglar's ghost
  3299 | D:4      | Reached skill level 7 in Axes
  3299 | D:4      | Reached XP level 8. HP: 34/71 MP: 7/7
  3573 | D:5      | Entered Level 5 of the Dungeon
  3920 | D:5      | Found an opulent altar of Gozag.
  4151 | D:5      | Reached skill level 8 in Axes
  4290 | D:5      | You fall into a shaft and drop 2 floors!
  4298 | D:7      | Noticed a two-headed ogre
  4309 | D:7      | Killed a two-headed ogre
  4310 | D:7      | Reached skill level 9 in Axes
  4310 | D:7      | Reached XP level 9. HP: 31/80 MP: 8/8
  4317 | D:6      | Noticed a rust devil
  4317 | D:6      | Noticed a rust devil
  4327 | D:6      | HP: 3/80 [orc warrior/+0 scimitar (9)]
  4329 | D:6      | Slain by an orc warrior

Illustrated notes

Levels and vault maps discovered:
D:1:      grunt_arrival_lava_bath, layout_loops_cross
D:2:      layout_basic, basic_altar, kennysheep_generic_room_9, uniq_robin
D:3:      minmay_roachtagon, layout_loops_cross, serial_shops,
          nicolae_shop_crystal
D:4:      layout_loops_ring, gammafunk_ghost_gnarly_gnolls, uniq_grinder,
          uniq_crazy_yiuf_cottage
D:5:      minmay_goblin_kobold_castle, layout_basic,
          mainiacjoe_overflow_surrounded_room
D:6:      cheibrodos_iron_armory, layout_basic, lemuel_temple_firewalk_a,
          st_stairs_11
D:7:      layout_basic, kennysheep_another_room, roderic_serpentine_path,
          minmay_microvault

Skill      XL: |  1  2  3  4  5  6  7  8 |
---------------+-------------------------+-----
Fighting       | 4 5 6 7 |  7.7
Armour         | 4 5 6 7 |  7.7
Shields        | 4 5 6 7 |  7.6
Axes           | 3 4 6 7 9 |  9.2

Action                     |  1- 3 |  4- 6 |  7- 9 || total
---------------------------+-------+-------+-------++-------
  Melee: War axe           |    19 |       |       ||    19
         Headbutt          |     5 |    30 |    33 ||    68
         Hand axe          |    58 |   139 |   176 ||   373
    Use: Potion            |       |       |     6 ||     6
 Armour: Scale mail        |    37 |    51 |       ||    88
         Chain mail        |       |    51 |   135 ||   186
  Dodge: Dodged            |    37 |    41 |    63 ||   141
  Block: Buckler           |    22 |    23 |    48 ||    93
